PAAA
SCRANTON SUPERNOVAS @ ALASKAN HUMPBACKS
09/13/2038
 
TOP OF THE 1ST
Scranton Supernovas batting - Pitching for Alaskan Humpbacks : RHP Glenn Suggett
Pitching: RHP Glenn Suggett
Batting: LHB António Casas 0-0: Ball
1-0: Called Strike
1-1: Ground out 4-3 (Groundball, 4, EV 100.6 MPH)
Batting: RHB John Willoughby 0-0: Foul Ball, location: 2F
0-1: Foul Ball, location: 2F
0-2: SINGLE (Line Drive, 89S, EV 102.5 MPH)
Batting: LHB David de Meij 0-0: Ball
1-0: Foul Ball, location: 2F
1-1: Ball
2-1: Foul Ball, location: 2F
2-2: Strikes out looking
Batting: LHB Guan-pei Bei 0-0: Fly out, F9 (Flyball, 89D, EV 108.8 MPH)
Top of the 1st over - 0 runs, 1 hit, 0 errors, 1 left on base; Scranton 0 - Alaskan 0
BOTTOM OF THE 1ST
Alaskan Humpbacks batting - Pitching for Scranton Supernovas : RHP Kent Horton
Pitching: RHP Kent Horton
Batting: LHB Philip Visscher 0-0: Fly out, F8 (Line Drive, 8RM, EV 111.2 MPH)
Batting: RHB Wally Briggs 0-0: Swinging Strike
0-1: Ball
1-1: Ball
2-1: Ball
3-1: Called Strike
3-2: Ground out 4-3 (Groundball, 4M, EV 103.1 MPH)
Batting: RHB Pacu Martic 0-0: Fly out, F9 (Flyball, 9S, EV 95.0 MPH)
Bottom of the 1st over - 0 runs, 0 hits, 0 errors, 0 left on base; Scranton 0 - Alaskan 0
TOP OF THE 2ND
Scranton Supernovas batting - Pitching for Alaskan Humpbacks : RHP Glenn Suggett
Batting: RHB Luke Kreijling 0-0: Ball
1-0: Called Strike
1-1: Ball
2-1: Foul Ball, location: 2F
2-2: Ground out U3 (Groundball, 3L, EV 80.0 MPH)
Batting: RHB Juan Tellado 0-0: Ball
1-0: Ground out 5-3 (Groundball, 56S, EV 82.5 MPH)
Batting: LHB Chase Popoff 0-0: Ball
1-0: Foul Ball, location: 2F
1-1: Ball
2-1: Foul Ball, location: 2F
2-2: Ground out 4-3 (Groundball, 4, EV 99.4 MPH)
Top of the 2nd over - 0 runs, 0 hits, 0 errors, 0 left on base; Scranton 0 - Alaskan 0
BOTTOM OF THE 2ND
Alaskan Humpbacks batting - Pitching for Scranton Supernovas : RHP Kent Horton
Batting: RHB José Torres 0-0: Ball
1-0: Called Strike
1-1: Fly out, F9 (Line Drive, 9, EV 96.9 MPH)
Batting: LHB Pat Pending 0-0: Foul Ball, location: 2F
0-1: Ball
1-1: DOUBLE (Line Drive, 9LS, EV 108.1 MPH)
Batting: LHB Shohei Otani 0-0: Called Strike
0-1: SINGLE (Groundball, 3S, EV 86.2 MPH) (infield hit)
Pat Pending to third
Batting: RHB Jon Moon 0-0: Ball
1-0: Fly out, F4 (Popup, 3S, EV 73.1 MPH)
Batting: RHB Kyuso Kouno 0-0: Fielders Choice at 2nd, 6-4 (Groundball, 6, EV 90.6 MPH)
Bottom of the 2nd over - 0 runs, 2 hits, 0 errors, 2 left on base; Scranton 0 - Alaskan 0
TOP OF THE 3RD
Scranton Supernovas batting - Pitching for Alaskan Humpbacks : RHP Glenn Suggett
Batting: RHB Mike Pate 0-0: Ball
1-0: Bunt for hit to 3S - play at first, batter safe!
Batting: RHB Jeff Quesenberry 0-0: Swinging Strike
0-1: Called Strike
0-2: Strikes out swinging
Batting: LHB António Casas 0-0: Ball
1-0: Ball
2-0: Called Strike
2-1: Fly out, F8 (Flyball, 8RD, EV 83.1 MPH)
Batting: RHB John Willoughby 0-0: Foul Ball, location: 2F
0-1: Fielders Choice at 2nd, 6-4 (Groundball, 6, EV 102.5 MPH)
Top of the 3rd over - 0 runs, 1 hit, 0 errors, 1 left on base; Scranton 0 - Alaskan 0
BOTTOM OF THE 3RD
Alaskan Humpbacks batting - Pitching for Scranton Supernovas : RHP Kent Horton
Batting: RHB Thomas Feliciano 0-0: Ball
1-0: Swinging Strike
1-1: Foul Ball, location: 2F
1-2: Ball
2-2: Ball
3-2: SINGLE (Groundball, 15S, EV 66.2 MPH) (infield hit)
Batting: LHB Philip Visscher 0-0: Ball
1-0: Called Strike
Thomas Feliciano steals 2nd base
1-1: Foul Ball, location: 2F
1-2: Ball
2-2: Ground out 4-3 (Groundball, 4, EV 88.1 MPH)
Thomas Feliciano to third
Batting: RHB Wally Briggs 0-0: Called Strike
0-1: Ball
1-1: Ball
2-1: Foul Ball, location: 2F
2-2: Ball
3-2: SINGLE (Groundball, 56D, EV 101.9 MPH)
Thomas Feliciano scores
Batting: RHB Pacu Martic 0-0: Called Strike
0-1: Called Strike
0-2: Ball
1-2: Ball
2-2: Strikes out swinging
Batting: RHB José Torres 0-0: Ball
1-0: Ball
2-0: Ground out 4-3 (Groundball, 4, EV 80.6 MPH)
Bottom of the 3rd over - 1 run, 2 hits, 0 errors, 1 left on base; Scranton 0 - Alaskan 1
TOP OF THE 4TH
Scranton Supernovas batting - Pitching for Alaskan Humpbacks : RHP Glenn Suggett
Batting: LHB David de Meij 0-0: Ball
1-0: Foul Ball, location: 2F
1-1: Ground out 4-3 (Groundball, 4, EV 83.1 MPH)
Batting: LHB Guan-pei Bei 0-0: Swinging Strike
0-1: Ball
1-1: Foul Ball, location: 2F
1-2: Strikes out swinging
Batting: RHB Luke Kreijling 0-0: Called Strike
0-1: Fly out, F6 (Popup, P, EV 82.5 MPH)
Top of the 4th over - 0 runs, 0 hits, 0 errors, 0 left on base; Scranton 0 - Alaskan 1
BOTTOM OF THE 4TH
Alaskan Humpbacks batting - Pitching for Scranton Supernovas : RHP Kent Horton
Batting: LHB Pat Pending 0-0: Ball
1-0: Called Strike
1-1: Ball
2-1: Ground out U3 (Groundball, 3, EV 90.0 MPH)
Batting: LHB Shohei Otani 0-0: Ball
1-0: Ground out 5-3 (Groundball, 5, EV 109.4 MPH)
Batting: RHB Jon Moon 0-0: Ball
1-0: Swinging Strike
1-1: Called Strike
1-2: Foul Ball, location: 2F
1-2: SINGLE (Groundball, 6D, EV 106.2 MPH)
Batting: RHB Kyuso Kouno 0-0: Called Strike
0-1: Fly out, F7 (Flyball, 78S, EV 85.6 MPH)
Bottom of the 4th over - 0 runs, 1 hit, 0 errors, 1 left on base; Scranton 0 - Alaskan 1
TOP OF THE 5TH
Scranton Supernovas batting - Pitching for Alaskan Humpbacks : RHP Glenn Suggett
Batting: RHB Juan Tellado 0-0: Ball
1-0: Ball
2-0: Foul Ball, location: 2F
2-1: Foul Ball, location: 2F
2-2: Ball
3-2: Foul Ball, location: 2F
3-2: Base on Balls
Batting: LHB Chase Popoff 0-0: Ball
1-0: Foul Ball, location: 2F
1-1: Foul Ball, location: 2F
1-2: Strikes out swinging
Batting: RHB Mike Pate 0-0: Ball
1-0: Foul Ball, location: 2F
1-1: Ball
2-1: Called Strike
2-2: SINGLE (Line Drive, 89M, EV 93.1 MPH)
Juan Tellado to second
Runner from 2nd tries for 3rd, SAFE, throw by CF made to third
Mike Pate to second
Batting: RHB Jeff Quesenberry 0-0: Called Strike
0-1: Fly out, F7 (Flyball, 7S, EV 93.8 MPH)
Runner from 3rd tags up, OUT at HOME! 7-2
Top of the 5th over - 0 runs, 1 hit, 0 errors, 1 left on base; Scranton 0 - Alaskan 1
BOTTOM OF THE 5TH
Alaskan Humpbacks batting - Pitching for Scranton Supernovas : RHP Kent Horton
Batting: RHB Thomas Feliciano 0-0: Ball
1-0: Called Strike
1-1: Ball
2-1: Swinging Strike
2-2: Foul Ball, location: 2F
2-2: Ball
3-2: Base on Balls
Batting: LHB Philip Visscher 0-0: Ball
1-0: Bunted foul
1-1: Bunt missed!
1-2: Foul Ball, location: 2F
1-2: Ball
2-2: SINGLE (Line Drive, 8LS, EV 90.0 MPH)
Thomas Feliciano to second
Batting: RHB Wally Briggs 0-0: Called Strike
0-1: Foul Ball, location: 2F
0-2: Foul Ball, location: 2F
0-2: Ball
1-2: Ball
2-2: Foul Ball, location: 2F
2-2: Foul Ball, location: 2F
2-2: Fielders Choice at 2nd, 1-6 (Groundball, 34S, EV 90.0 MPH)
Thomas Feliciano to third
Batting: RHB Pacu Martic 0-0: Ball
1-0: Ball
2-0: Ball
Wally Briggs steals 2nd, throwing error, E2
Thomas Feliciano scores
Wally Briggs to third
3-0: Called Strike
3-1: Ground out 4-3 (Groundball, 4M, EV 100.0 MPH)
Wally Briggs scores
Batting: RHB José Torres 0-0: Foul Ball, location: 2F
0-1: Ball
1-1: Ball
2-1: Foul Ball, location: 2F
2-2: Ball
3-2: Fly out, F9 (Line Drive, 9, EV 101.9 MPH)
Bottom of the 5th over - 2 runs, 1 hit, 1 error, 0 left on base; Scranton 0 - Alaskan 3
TOP OF THE 6TH
Scranton Supernovas batting - Pitching for Alaskan Humpbacks : RHP Glenn Suggett
Batting: LHB António Casas 0-0: Ball
1-0: Ball
2-0: Swinging Strike
2-1: Foul Ball, location: 2F
2-2: Strikes out swinging
Batting: RHB John Willoughby 0-0: Called Strike
0-1: DOUBLE (Line Drive, 5D, EV 106.9 MPH)
Batting: LHB David de Meij 0-0: Ball
1-0: Foul Ball, location: 2F
1-1: Foul Ball, location: 2F
1-2: Fly out, F8 (Flyball, 8LD, EV 93.1 MPH)
Batting: LHB Guan-pei Bei 0-0: Fly out, F9 (Flyball, 89S, EV 75.6 MPH)
Top of the 6th over - 0 runs, 1 hit, 0 errors, 1 left on base; Scranton 0 - Alaskan 3
BOTTOM OF THE 6TH
Alaskan Humpbacks batting - Pitching for Scranton Supernovas : RHP Kent Horton
Batting: LHB Pat Pending 0-0: SINGLE (Groundball, 6MD, EV 101.2 MPH)
Batting: LHB Shohei Otani 0-0: Sac Bunt to 13S - play at first, batter OUT! 1-3
Pat Pending to second
Batting: RHB Jon Moon 0-0: Called Strike
0-1: SINGLE (Groundball, 6MD, EV 100.6 MPH)
Pat Pending to third
Batting: RHB Kyuso Kouno 0-0: Called Strike
0-1: Foul Ball, location: 2F
0-2: Ball
1-2: Foul Ball, location: 2F
1-2: Fly out, F8 (Flyball, 78XD, EV 81.9 MPH)
Runner from 3rd tags up, SCORES, no throw by CF
Batting: RHB Thomas Feliciano 0-0: Called Strike
0-1: Ball
1-1: Ball
2-1: Called Strike
Jon Moon steals 2nd base
2-2: Ball
3-2: Ground out 6-3 (Groundball, 56D, EV 102.5 MPH)
Bottom of the 6th over - 1 run, 2 hits, 0 errors, 1 left on base; Scranton 0 - Alaskan 4
TOP OF THE 7TH
Scranton Supernovas batting - Pitching for Alaskan Humpbacks : RHP Glenn Suggett
Batting: RHB Luke Kreijling 0-0: Ball
1-0: Ball
2-0: Ball
3-0: Called Strike
3-1: Ground out U3 (Groundball, 34, EV 100.0 MPH)
Batting: RHB Juan Tellado 0-0: Swinging Strike
0-1: Foul Ball, location: 2F
0-2: Fly out, F8 (Flyball, 8RM, EV 75.0 MPH)
Batting: LHB Chase Popoff 0-0: Foul Ball, location: 2F
0-1: Fly out, F9 (Flyball, 9D, EV 103.1 MPH)
Top of the 7th over - 0 runs, 0 hits, 0 errors, 0 left on base; Scranton 0 - Alaskan 4
BOTTOM OF THE 7TH
Alaskan Humpbacks batting - Pitching for Scranton Supernovas : RHP Kent Horton
Batting: LHB Philip Visscher 0-0: Ball
1-0: SOLO HOME RUN (Flyball, 9D, EV 93.1 MPH), Distance : 367 ft
Batting: RHB Wally Briggs 0-0: Ball
1-0: Swinging Strike
1-1: Swinging Strike
1-2: Ball
2-2: Strikes out swinging
Pitching: RHP Kent Phillips
Batting: RHB Pacu Martic 0-0: Called Strike
0-1: Ball
1-1: Swinging Strike
1-2: Foul Ball, location: 2F
1-2: SINGLE (Groundball, 56D, EV 108.1 MPH)
Batting: RHB José Torres 0-0: Foul Ball, location: 2F
0-1: Ball
1-1: Swinging Strike
1-2: Foul Ball, location: 2F
1-2: Grounds into double play, 6-4-3 (Groundball, 6, EV 89.4 MPH)
Bottom of the 7th over - 1 run, 2 hits, 0 errors, 0 left on base; Scranton 0 - Alaskan 5
TOP OF THE 8TH
Scranton Supernovas batting - Pitching for Alaskan Humpbacks : RHP Glenn Suggett
Pitching: RHP Kingston Liniak
Batting: RHB Mike Pate 0-0: Ball
1-0: Ground out 1-3 (Groundball, 34S, EV 90.0 MPH)
Batting: RHB Jeff Quesenberry 0-0: Called Strike
0-1: Ball
1-1: Ball
2-1: Fly out, F9 (Flyball, 89S, EV 83.1 MPH)
Batting: LHB António Casas 0-0: Foul Ball, location: 2F
0-1: Swinging Strike
0-2: Strikes out looking
Top of the 8th over - 0 runs, 0 hits, 0 errors, 0 left on base; Scranton 0 - Alaskan 5
BOTTOM OF THE 8TH
Alaskan Humpbacks batting - Pitching for Scranton Supernovas : RHP Kent Phillips
Batting: LHB Pat Pending 0-0: Ball
1-0: Foul Ball, location: 2F
1-1: Ball
2-1: Fly out, F7 (Flyball, 7D, EV 103.1 MPH)
Batting: LHB Shohei Otani 0-0: Called Strike
0-1: Swinging Strike
0-2: Strikes out swinging
Batting: RHB Jon Moon 0-0: Called Strike
0-1: Foul Ball, location: 2F
0-2: Ball
1-2: Foul Ball, location: 2F
1-2: Ball
2-2: SINGLE (Groundball, 56D, EV 104.4 MPH)
Batting: RHB Kyuso Kouno 0-0: Hit by Pitch
Jon Moon to second
Batting: RHB Thomas Feliciano 0-0: Called Strike
0-1: Ball
1-1: Called Strike
1-2: Ball
2-2: Ball
3-2: SINGLE (Line Drive, 8LS, EV 101.9 MPH)
Jon Moon to third
Kyuso Kouno to second
Jon Moon scores
Kyuso Kouno to third
Batting: LHB Philip Visscher 0-0: Ball
1-0: Ball
2-0: Foul Ball, location: 2F
2-1: Swinging Strike
2-2: Foul Ball, location: 2F
2-2: Ball
3-2: SINGLE (Groundball, 6, EV 82.5 MPH) (infield hit)
Kyuso Kouno scores
Thomas Feliciano to second
Batting: RHB Wally Briggs 0-0: Foul Ball, location: 2F
0-1: Ball
1-1: Fly out, F7 (Line Drive, 78M, EV 105.0 MPH)
Bottom of the 8th over - 2 runs, 3 hits, 0 errors, 2 left on base; Scranton 0 - Alaskan 7
TOP OF THE 9TH
Scranton Supernovas batting - Pitching for Alaskan Humpbacks : RHP Kingston Liniak
Batting: RHB John Willoughby 0-0: Called Strike
0-1: Fly out, F9 (Flyball, 9S, EV 73.1 MPH)
Batting: LHB David de Meij 0-0: Ball
1-0: Fly out, F9 (Flyball, 9LSF, EV 85.0 MPH)
Batting: LHB Guan-pei Bei 0-0: Ball
1-0: Ball
2-0: Called Strike
2-1: Ball
3-1: Base on Balls
Batting: RHB Luke Kreijling 0-0: Ball
1-0: Foul Ball, location: 2F
1-1: Ball
2-1: Ball
3-1: Base on Balls
Guan-pei Bei to second
Batting: RHB Juan Tellado 0-0: Called Strike
0-1: Called Strike
0-2: Strikes out swinging
Top of the 9th over - 0 runs, 0 hits, 0 errors, 2 left on base; Scranton 0 - Alaskan 7
Friday, April 17th, 2020 - OOTP Baseball 20.8 Build 74